 Dungeon Crawl Stone Soup version 0.31.0-11-ge490571c62 (webtiles) character file.

Game seed: 10857099458098635451

34 qw the Shooter (level 3, -1/20 HPs)
             Began as a Deep Elf Hunter on Feb 4, 2024.
             Slain by a gnoll
             ... wielding a +0 spear
              (2 damage)
             ... on level 2 of the Dungeon.
             The game lasted 00:00:03 (647 turns).

qw the Shooter (Deep Elf Hunter)                     Turns: 647, Time: 00:00:03

Health: -1/20      AC:  6    Str: 10    XL:     3   Next: 14%
Magic:  5/5        EV: 11    Int: 13    God:
Gold:   58         SH:  0    Dex: 18    Spells: 2/2 levels left

rFire   . . .        a - +0 shortbow
rCold   . . .        (shield currently unavailable)
rNeg    . . .        d - +0 ring mail
rPois   .            (no helmet)
rElec   .            e - +0 cloak
rCorr   .            (no gloves)
SInv    .            (no boots)
Will    .....        (no amulet)
Stlth   +            (no ring)
HPRegen 0.23/turn    (no ring)
MPRegen 0.09/turn

%: no passive effects
@: no status effects
A: no striking features
a: no special abilities


You were on level 2 of the Dungeon.
You visited 1 branch of the dungeon, and saw 2 of its levels.

You collected 58 gold pieces.


   Skills:
 - Level 1.5 Fighting
 + Level 6.7 Ranged Weapons
 - Level 2.4 Dodging
 - Level 1.2 Stealth


You had 2 spell levels left.
You didn't know any spells.
Your spell library was empty.

Inventory:

Hand Weapons
 a - a +0 shortbow (weapon)
Armour
 d - a +0 ring mail (worn)
 e - a +0 cloak (worn)
Potions
 f - a potion of ambrosia {unknown}
 g - a potion of heal wounds {unknown}
 h - a potion of brilliance {unknown}

Dungeon Overview and Level Annotations

Branches:
Dungeon (2/15)

Altars:

Shops:
D:1 *


Message History

A gnoll comes into view. It is wielding a +0 spear.
The gnoll shouts!
You shoot an arrow. The arrow hits the gnoll!
The gnoll is heavily wounded.
You hear a shout!
A gnoll comes into view.
It is wielding a +1 flail of protection.
A goblin comes into view. It is wielding a +0 club.
A gnoll comes into view. It is wielding a +0 flail.
The goblin shouts!
The gnoll shouts!
Enter note:
Enter note:
Enter note:
Enter note:
637 ||| RETREEEEATING. 2 gnolls come into view.
A gnoll is wielding a +1 flail of protection.
The gnoll closely misses you.
639 ||| RETREEEEATING.
The gnoll attacks as it pursues you! The gnoll hits you but does no damage.
You shoot an arrow. The arrow barely misses the gnoll.
The gnoll hits you from afar with a +0 spear.
You shoot an arrow. The arrow hits the gnoll.
The gnoll is severely wounded.
The gnoll hits you from afar with a +0 spear.
You shoot an arrow. The arrow hits the gnoll.
The gnoll is almost dead.
The gnoll closely misses you.
You shoot an arrow. The arrow barely misses the gnoll.
644 ||| FLEEEEING.
You shoot an arrow. The arrow barely misses the gnoll.
You shoot an arrow. The arrow hits the gnoll!
The gnoll is heavily wounded.
The gnoll hits you from afar with a +0 spear.
Enter note:
Enter note:
647 ||| RETREEEEATING.
The gnoll hits you with a +1 flail of protection!
Ouch! That really hurt!
The gnoll hits you with a +0 spear.
You die...

.......#####.#
#.##
.............#
#..#
.#.....#######
##.## ....
#..## ...
###.## ##
###..# #..#
##..#### ..g..
#......#
...gg.##@g....#
#gg#....#..#
#.g#....# .#
####..### #
###. .. ###


You could see 4 gnolls.

Vanquished Creatures
  A dart slug (D:1)
  4 ball pythons
  4 bats (D:1)
  3 endoplasms (D:1)
  2 giant cockroaches (D:1)
  A goblin (D:1)
  3 hobgoblins
  4 jackals (D:1)
  2 quokkas (D:1)
  A frilled lizard (D:1)
  A kobold (D:1)
26 creatures vanquished.

Notes
Turn   | Place    | Note
-------+----------+-------------------------------------------
     0 | D:1      | qw the Deep Elf Hunter began the quest for the Orb.
     0 | D:1      | Reached XP level 1. HP: 12/12 MP: 3/3
     0 | D:1      | 0 ||| qw: Version: 0.3-a-160-g6735b56
     0 | D:1      | 0 ||| qw: Game counter: 4807
     0 | D:1      | 0 ||| qw: Melee chars always use a shield: true
     0 | D:1      | 0 ||| qw: God list: Okawaru
     0 | D:1      | 0 ||| qw: Allow faded altars: false
     0 | D:1      | 0 ||| qw: Do Orc after clearing Dungeon:15 true
     0 | D:1      | 0 ||| qw: Do second Lair branch before Depths: true
     0 | D:1      | 0 ||| qw: Lair rune preference: random
     0 | D:1      | 0 ||| qw: Goals: Normal
     0 | D:1      | 0 ||| PLANNING D:1-11
    76 | D:1      | Reached XP level 2. HP: 16/16 MP: 4/4
    79 | D:1      | Reached skill level 6 in Ranged Weapons
   109 | D:1      | Found Hoene's General Store.
   121 | D:1      | 121 ||| SHOPLISTING potion of mutation (104 gold, have 16).
   121 | D:1      | 121 ||| SHOPLISTING scroll of identify (26 gold, have 16).
   265 | D:1      | Reached XP level 3. HP: 20/20 MP: 5/5
   498 | D:1      | 498 ||| UPGRADING to +0 ring mail.
   508 | D:1      | 508 ||| DROPPING +0 leather armour.
   509 | D:1      | 509 ||| UPGRADING to +0 cloak.
   514 | D:1      | 514 ||| READING scroll labelled MEOZXU TIPTI.
   515 | D:1      | 515 ||| DROPPING scroll of butterflies.
   637 | D:2      | 637 ||| RETREEEEATING.
   639 | D:2      | 639 ||| RETREEEEATING.
   644 | D:2      | 644 ||| FLEEEEING.
   647 | D:2      | 647 ||| RETREEEEATING.
   647 | D:2      | HP: 1/20 [gnoll/+1 flail of protection (10)]
   647 | D:2      | Slain by a gnoll

Levels and vault maps discovered:
D:1:      eino_arrival_water_star, layout_rooms, serial_shops, shop,
          serial_rivers, chequers_serial_rivers_micro_b,
          chequers_serial_rivers_micro_c, chequers_serial_rivers_small_3,
          chequers_serial_rivers_small_a, chequers_serial_rivers_micro_c
D:2:      layout_rooms, nicolae_houndstooth_variations, uniq_sigmund

Skill      XL: |  1  2 |
---------------+-------+-----
Ranged Weapons | 6 |  6.7
Fighting       | |  1.5
Dodging        | |  2.4
Stealth        | |  1.2

Action                     || total
---------------------------++-------
   Fire: Shortbow          ||    89
    Use: Scroll            ||     1
 Armour: Leather armour    ||    17
         Ring mail         ||     6
  Dodge: Dodged            ||    21

Table legend:
 A = Non-vault XP
 B = Vault XP
 C = Vault XP percentage of total XP
 D = Non-vault monster count
 E = Vault monster count
 F = Vault count percentage of total count
                 A         B        C        D         E       F
            +---------+---------+-------+---------+---------+-------
      Total |      49 |       0 |   0.0 |      26 |       0 |   0.0
            +---------+---------+-------+---------+---------+-------
        D:1 |      46 |       0 |   0.0 |      24 |       0 |   0.0
        D:2 |       3 |       0 |   0.0 |       2 |       0 |   0.0
            +---------+---------+-------+---------+---------+-------
